 Dungeon Crawl Stone Soup version 0.30.0 (webtiles) character file.

Game seed: 7904999071195828115

777 cheesebisquit the Ruffian (level 7, -1/66 HPs)
             Began as a Troll Fighter on May 6, 2023.
             Was a Follower of Okawaru.
             Slain by a black bear (6 damage)
             ... on level 5 of the Dungeon.
             The game lasted 00:15:15 (2986 turns).

cheesebisquit the Ruffian (Troll Fighter)           Turns: 2986, Time: 00:15:15

Health: -1/66      AC:  7    Str: 27    XL:     7   Next: 54%
Magic:  4/6        EV: 11    Int:  4    God:    Okawaru [*.....]
Gold:   198        SH: 11    Dex:  9    Spells: 6/6 levels left

rFire   . .          .
                       - Unarmed
rCold   + . .        b - +1 kite shield
rNeg    . . .        a - +1 robe
rPois   .            (helmet restricted)
rElec   .            s - +1 cloak
rCorr   .            (gloves unavailable)
SInv    .            (boots unavailable)
Will    .....        (no amulet)
Stlth   +++          i - ring of protection from cold
HPRegen 1.11/turn    (no ring)
MPRegen 0.10/turn

%: no passive effects
@: heroic
A: large, unfitting armour, claws 3, regeneration 1, shaggy fur 1, tough skin 1
a: Renounce Religion, Heroism


You were on level 5 of the Dungeon.
You worshipped Okawaru.
Okawaru was aware of your devotion.
You visited 2 branches of the dungeon, and saw 6 of its levels.

You collected 198 gold pieces.

Inventory:

Hand Weapons
 h - a +0 giant club
Missiles
 o - 2 stones (quivered)
 t - 7 poisoned darts
 v - a throwing net
Armour
 a - a +1 robe (worn)
 b - a +1 kite shield (worn)
 s - a +1 cloak (worn)
Jewellery
 i - a ring of protection from cold (left claw)
 j - a ring of fire
Wands
 q - a wand of roots (7)
Scrolls
 f - 2 scrolls of teleportation {unknown}
 g - a scroll of magic mapping {unknown}
 m - a scroll of fear {unknown}
 n - a scroll of poison
 p - 2 scrolls of enchant weapon {unknown}
 r - a scroll of vulnerability {unknown}
Potions
 d - a potion of degeneration {unknown}
 e - 2 potions of flight
 l - 3 potions of mutation
 u - a potion of invisibility {unknown}


   Skills:
 + Level 2.7(7.7) Fighting
 - Level 3.0(8.0) Throwing
 - Level 1.0(6.0) Armour
 - Level 4.0(9.0) Dodging
 - Level 1.0(6.0) Stealth
 - Level 4.0(9.0) Shields
 - Level 5.0(10.0) Unarmed Combat
 - Level 1.0 Evocations


You had 6 spell levels left.
You didn't know any spells.
Your spell library contained the following spells:

 Spells                   Type           Power      Damage    Failure   Level
 Kiss of Death            Conj/Necr      0%         2d5       67%         1
 Sublimation of Blood     Necr           0%         N/A       82%         2
 Confusing Touch          Hex            0%         N/A       96%         3
 Stone Arrow              Conj/Erth      0%         3d7       96%         3
 Dispel Undead            Necr           0%         3d6       100%        4
 Petrify                  Tmut/Erth      0%         N/A       100%        4
 Irradiate                Conj/Tmut      0%         3d11      100%        5
 Lehudib's Crystal Spear  Conj/Erth      0%         10d2      100%        8
 Animate Armour           Summ/Erth      Unusable   N/A       N/A         4

Dungeon Overview and Level Annotations

Branches:
Dungeon (5/15)             Temple (1/1) D:4

Altars:
Dithmenos
Elyvilon
Fedhas
Gozag
Nemelex Xobeh
Okawaru
Ru
Sif Muna
Trog
Uskayaw
Vehumet
Wu Jian
Xom
Zin
The Shining One

Annotations:
D:4 1 transporter, wolfgangpup's ghost, novice GrFi


Innate Abilities, Weirdness & Mutations

You are too large for most types of armour.
You have claws for hands.
Your natural rate of healing is unusually fast.
You are covered in fur. (AC +1)
You have tough skin. (AC +1)


Message History

You feel better.
Aiming: Fastroot
Press: ? - help, Shift-Dir - straight line
Okay, then.
Okay, then.
Okay, then.
You closely miss the adder. The adder bites you but does no damage.
You scratch the adder.
The adder is heavily wounded.
You block the adder's attack. The adder bites you but does no damage.
You claw the adder!
You kill the adder!
Okawaru accepts your kill. Something hits you.
* * * LOW HITPOINT WARNING * * *
A gnoll comes into view. It is wielding a +0 whip.
You fail to use your ability.
You gain the combat prowess of a mighty hero.
You block the black bear's attack. The black bear barely misses you.
You block the black bear's attack.
Okay, then.
You claw the black bear!
The black bear is moderately wounded.
You block the black bear's attack. x2
The black bear claws you but does no damage.
A gnoll bouda comes into view. It is wielding a +0 club.
You claw the black bear!
The black bear is almost dead.
The black bear goes berserk!
You barely miss the black bear.
The black bear is almost dead.
The black bear bites you.
* * * LOW HITPOINT WARNING * * *
The black bear claws you.
* * * LOW HITPOINT WARNING * * *
You block the black bear's attack.
The gnoll bouda barks out a call to the hunt!
The gnolls pick up the pace!
The black bear bites you.
You die...

........)........
.......
##..........#.##
.......
#............#
.......
#...........####
.......
#........>......
......h
#..........#####
....... #..........#
......{###..........#
.....[gh@...........#
..g...g###..........#
....... ######.#####
....... #.# .....(.
#.# ....... #.#
#####+# #.# #.#
#.#########


You could see a black bear (berserk), a gnoll bouda and 2 gnolls.

Vanquished Creatures
  A black bear (D:5)
  An ice beast (D:5)
  An ogre (D:4)
  Blork the orc (D:4)
  A bullfrog (D:4)
  A scorpion (D:5)
  A jelly (D:4)
  An orc priest (D:3)
  A sleepcap (D:5)
  3 orc wizards
  Terence (D:2)
  Robin (D:4)
  4 gnolls (D:3)
  2 adders
  A worm (D:3)
  2 dart slugs
  6 orcs
  5 endoplasms
  4 giant cockroaches
  11 goblins
  8 hobgoblins
  A quokka (D:1)
  2 ball pythons
  4 bats
  2 frilled lizards
  4 kobolds
  3 rats
73 creatures vanquished.

Notes
Turn   | Place    | Note
-------+----------+-------------------------------------------
     0 | D:1      | cheesebisquit the Troll Fighter began the quest for the
                  | Orb.
     0 | D:1      | Reached XP level 1. HP: 22/22 MP: 0/0
   206 | D:1      | Reached skill level 1 in Stealth
   206 | D:1      | Reached XP level 2. HP: 29/29 MP: 1/1
  1047 | D:2      | Noticed Terence
  1062 | D:2      | Reached skill level 1 in Armour
  1062 | D:2      | Reached XP level 3. HP: 33/36 MP: 2/2
  1074 | D:2      | Killed Terence
  1075 | D:2      | Reached skill level 3 in Unarmed Combat
  1579 | D:3      | Reached skill level 1 in Throwing
  1579 | D:3      | Reached XP level 4. HP: 44/44 MP: 3/3
  1586 | D:3      | Reached skill level 1 in Evocations
  1684 | D:3      | Identified the +2 spear of Zuaduwk {freeze, Str+2 Int+3}
  1919 | D:3      | Reached XP level 5. HP: 46/50 MP: 4/4
  2161 | D:4      | Noticed Blork the orc
  2306 | D:4      | Noticed an ogre
  2318 | D:4      | Killed an ogre
  2319 | D:4      | Reached XP level 6. HP: 59/59 MP: 5/5
  2319 | D:4      | Noticed Robin
  2327 | D:4      | Killed Robin
  2352 | D:4      | Found a staircase to the Ecumenical Temple.
  2377 | D:4      | Found a transporter.
  2399 | Temple   | Entered the Ecumenical Temple
  2406 | Temple   | Became a worshipper of Warmaster Okawaru
  2425 | D:4      | Killed Blork the orc
  2426 | D:4      | Reached skill level 4 in Unarmed Combat
  2501 | D:4      | Noticed wolfgangpup's ghost (novice GrFi)
  2502 | D:4      | Identified the +3 great mace of Compulsion {freeze, Dex+2}
  2797 | D:5      | Entered Level 5 of the Dungeon
  2814 | D:5      | Noticed an ice beast
  2825 | D:5      | Killed an ice beast
  2826 | D:5      | Reached skill level 5 in Unarmed Combat
  2826 | D:5      | Reached XP level 7. HP: 66/66 MP: 6/6
  2876 | D:5      | Reached * piety under Okawaru
  2977 | D:5      | HP: 1/66 [something (9)]
  2986 | D:5      | Slain by a black bear

Illustrated notes

Levels and vault maps discovered:
D:1:      minmay_arrival_checkered_box, layout_basic
D:2:      layout_basic, uniq_terence
D:3:      layout_loops_ring
D:4:      layout_rooms, minmay_temple_entry_statues_pillars,
          gammafunk_ghost_smash, abandoned_shop, uniq_blork_the_orc, uniq_robin
D:5:      layout_basic, nzn_hepliaklqana_mist_gate
Temple:   nicolae_temple_no_exploring_needed

Skill      XL: |  1  2  3  4  5  6  7 |
---------------+----------------------+-----
Stealth        | 1 |  1.0
Armour         | 1 |  1.0
Unarmed Combat | 3 5 |  5.0
Throwing       | 1 2 3 |  3.0
Evocations     | 1 |  1.0
Shields        | 4 |  4.0
Dodging        | 4 |  4.0
Fighting       | |  2.7

Action                     |  1- 3 |  4- 6 |  7- 9 || total
---------------------------+-------+-------+-------++-------
  Melee: Unarmed           |    83 |   109 |    54 ||   246
  Throw: Stone             |     3 |    15 |     5 ||    23
         Dart              |     3 |     7 |       ||    10
 Invoke: Heroism           |       |       |     1 ||     1
  Evoke: Wand              |       |     1 |     2 ||     3
    Use: Potion            |     1 |     1 |     3 ||     5
         Scroll            |       |     7 |       ||     7
   Stab: Sleeping          |     1 |       |       ||     1
 Armour: Robe              |    22 |    30 |    36 ||    88
  Dodge: Dodged            |    21 |    25 |     9 ||    55
  Block: Kite shield       |    31 |    26 |    17 ||    74
